 Dungeon Crawl Stone Soup version 0.28.0-53-g5a82cb258f (webtiles) character file.

Game seed: 5546536562032542316

947 Peloso the Slasher (level 7, 0/61 HPs)
             Began as a Minotaur Fighter on June 21, 2022.
             Slain by a water moccasin (7 damage)
             ... on level 7 of the Dungeon.
             The game lasted 00:04:35 (3543 turns).

Peloso the Slasher (Minotaur Fighter)               Turns: 3543, Time: 00:04:36

Health: 0/61       AC:  7    Str: 21    XL:     7   Next: 89%
Magic:  6/6        EV:  9    Int:  5    God:
Gold:   210        SH:  5    Dex: 11    Spells: 6/6 levels left

rFire   . . .      SeeInvis .   a - +0 long sword
rCold   . . .      Faith    .   c - +0 buckler
rNeg    . . .      Spirit   .   b - +0 scale mail
rPois   .          Reflect  .   (helmet restricted)
rElec   .          Harm     .   (no cloak)
rCorr   .          Rampage  .   (no gloves)
Will    .....                   (no boots)
Stlth   ..........              q - amulet of the acrobat
HPRegen 0.20/turn               (no ring)
MPRegen 0.10/turn               (no ring)

@: mighty
A: horns 2, retaliatory headbutt
a: no special abilities


You were on level 7 of the Dungeon.
You visited 1 branch of the dungeon, and saw 5 of its levels.

You collected 210 gold pieces.

Inventory:

Hand Weapons
 a - a +0 long sword (weapon)
Armour
 b - a +0 scale mail (worn)
 c - a +0 buckler (worn)
Jewellery
 q - an amulet of the acrobat (around neck)
Wands
 o - a wand of iceblast (9)
Scrolls
 g - a scroll of enchant weapon {unknown}
 i - a scroll of magic mapping {unknown}
 k - a scroll of blinking {unknown}
 l - 2 scrolls of amnesia {unknown}
 p - a scroll of brand weapon {unknown}
Potions
 d - a potion of might
 e - a potion of lignification {unknown}
 f - 2 potions of degeneration {unknown}
 h - a potion of mutation {unknown}
 j - a potion of curing {unknown}
 m - 2 potions of flight {unknown}
 n - 2 potions of attraction {unknown}


   Skills:
 + Level 5.4 Fighting
 + Level 7.7 Long Blades
 + Level 6.9 Armour
 + Level 1.1 Dodging
 + Level 4.7 Shields


You had 6 spell levels left.
You didn't know any spells.
Your spell library was empty.

Dungeon Overview and Level Annotations

Branches:
Dungeon (4/15)
 Temple: D:4-7

Altars:


Innate Abilities, Weirdness & Mutations

You have a pair of horns on your head.
You reflexively headbutt those who attack you in melee.


Message History

You kill Joseph!
Your Dodging skill increases to level 1!
f - 2 sapphire potions (gained 1)
Items here: ( )) [. 2 gnolls come into view.
The gnoll shouts! x2; You hear a shout!
The gnoll throws a throwing net.
The throwing net hits you.
You become entangled in the net!
The gnoll throws a stone.
The stone hits you but does no damage.
Things that are here:
a throwing net; a water moccasin corpse You tear a large gash into the net.
You struggle against the net.
You struggle against the net.
You shred the net and break free!
The gnoll throws a stone.
You block the stone.
Found a stone staircase leading up.
q - an amulet of the acrobat A water moccasin comes into view.
Found a stone staircase leading up.
The water moccasin hisses angrily.
You start putting on your amulet.
You continue putting on your amulet of the acrobat. x4
The water moccasin closely misses you.
You continue putting on your amulet of the acrobat.
The water moccasin misses you.
You finish putting on your amulet of the acrobat.
You feel ready to tumble and roll out of harm's way.
q - an amulet of the acrobat (around neck)
A water moccasin is nearby!
The water moccasin misses you. x2
You slash the water moccasin!
Your headbutt misses the water moccasin.
The water moccasin is heavily wounded.
The water moccasin barely misses you.
You slash the water moccasin!
The water moccasin is almost dead.
The water moccasin bites you but does no damage.
The water moccasin bites you!
You die...

####.8....8.
.......... ##....#..#
### #)†...#..## #
##.###.....#...### .#
#....)...........##...
#..................#..
##....................
##...........@S......
###.>...............
#..................
#..#...............<
....................#
####...#...........##
##..##......##..#
##.....# .##


You could see a water moccasin.

Vanquished Creatures
  Joseph (D:7)
  A water moccasin (D:7)
  A phantom (D:3)
  A scorpion (D:4)
  5 wights (D:3)
  A bullfrog skeleton (D:4)
  A hound skeleton (D:4)
  4 adders (D:2)
  3 gnolls (D:2)
  2 worms (D:3)
  5 dart slugs
  5 ball pythons
  8 endoplasms
  3 giant cockroaches
  7 goblins
  7 hobgoblins
  11 jackals
  6 kobolds
  A quokka (D:3)
  A bat (D:2)
  2 frilled lizards
  9 rats
85 creatures vanquished.

Notes
Turn   | Place    | Note
-------+----------+-------------------------------------------
     0 | D:1      | Peloso the Minotaur Fighter began the quest for the Orb.
     0 | D:1      | Reached XP level 1. HP: 19/19 MP: 0/0
   229 | D:1      | Reached XP level 2. HP: 25/27 MP: 1/1
   768 | D:1      | Found a faded altar of an unknown god.
   862 | D:2      | Reached skill level 3 in Long Blades
   862 | D:2      | Reached XP level 3. HP: 29/33 MP: 2/2
  1230 | D:2      | Reached XP level 4. HP: 40/41 MP: 3/3
  1659 | D:2      | Reached skill level 4 in Long Blades
  1924 | D:3      | Noticed a phantom
  1937 | D:3      | Killed a phantom
  1938 | D:3      | Reached XP level 5. HP: 40/47 MP: 4/4
  2297 | D:3      | Reached skill level 5 in Armour
  2299 | D:3      | Reached skill level 5 in Long Blades
  2299 | D:3      | Reached XP level 6. HP: 39/55 MP: 5/5
  2671 | D:3      | Reached skill level 6 in Long Blades
  3329 | D:4      | Reached XP level 7. HP: 60/60 MP: 6/6
  3459 | D:4      | Reached skill level 5 in Fighting
  3501 | D:4      | You fall into a shaft and drop 3 floors!
  3504 | D:7      | Noticed Joseph
  3512 | D:7      | Reached skill level 7 in Long Blades
  3513 | D:7      | HP: 1/61 [Joseph/+0 quarterstaff (14)]
  3514 | D:7      | Killed Joseph
  3515 | D:7      | Reached skill level 1 in Dodging
  3543 | D:7      | Slain by a water moccasin

Illustrated notes

Levels and vault maps discovered:
D:1:      nagdon_arrival_double_spiral, layout_basic,
          chequers_ecumenical_altar_lobes, chequers_serial_rivers_marsh,
          minmay_misc_feat_rows
D:2:      layout_loops_ring
D:3:      layout_loops_ring
D:4:      layout_gridville, nicolae_overflow_hallway_of_the_gods
D:7:      layout_cave_pools, mainiacjoe_overflow_brackets,
          minmay_temple_entry_slanted, serial_gnoll_camp,
          gnoll_camp_mini_doghouse, gnoll_camp_mini_hut, gnoll_camp_mini_hut,
          gnoll_camp_medium_01, gnoll_camp_mini_basic, kennysheep_flooded_box,
          uniq_joseph

Skill      XL: |  1  2  3  4  5  6  7 |
---------------+----------------------+-----
Fighting       | 4 5 |  5.4
Shields        | 4 |  4.7
Armour         | 4 5 6 |  6.9
Long Blades    | 3 4 5 6 7 |  7.7
Dodging        | 1 |  1.1

Action                   |  1- 3 |  4- 6 |  7- 9 || total
-------------------------+-------+-------+-------++-------
Melee: Long sword        |    73 |   115 |    13 ||   201
       Headbutt          |     9 |    22 |     5 ||    36
  Use: Potion            |       |       |     1 ||     1
Armor: Scale mail        |    34 |    38 |     8 ||    80
Dodge: Dodged            |    40 |    40 |     8 ||    88
Block: Buckler           |    26 |    23 |     3 ||    52
